 Dungeon Crawl Stone Soup version 0.28.0-53-g5a82cb258f (webtiles) character file.

Game seed: 15752820027787991569

2211 m4nu the Spear-Bearer (level 9, -3/71 HPs)
             Began as a Merfolk Gladiator on Aug 19, 2022.
             Killed from afar by an acid dragon (23 damage)
             ... with a splash of acid
             ... on level 7 of the Dungeon.
             The game lasted 00:56:46 (4928 turns).

m4nu the Spear-Bearer (Merfolk Gladiator)           Turns: 4928, Time: 00:56:47

Health: -3/71      AC: -1    Str: 19    XL:     9   Next: 35%
Magic:  9/9        EV: 15    Int:  7    God:
Gold:   355        SH:  0    Dex: 15    Spells: 8/8 levels left

rFire   . . .      SeeInvis .   D - +2 glaive (vorpal)
rCold   . . .      Faith    .   (shield currently unavailable)
rNeg    . . .      Spirit   .   n - +0 ring mail
rPois   .          Reflect  .   c - +0 helmet
rElec   .          Harm     .   (no cloak)
rCorr   .          Rampage  .   u - +0 pair of gloves
Will    .....                   (no boots)
Stlth   +.........              e - amulet of regeneration
HPRegen 1.01/turn               (no ring)
MPRegen 0.11/turn               (no ring)

@: corroded
A: (nimble swimmer 2), mertail
a: no special abilities


You were on level 7 of the Dungeon.
You visited 1 branch of the dungeon, and saw 7 of its levels.

You collected 355 gold pieces.

Inventory:

Hand Weapons
 a - a +0 trident
 m - a +2 dagger of venom
 s - a +0 hunting sling
 A - a +1 flail of protection
 D - a +2 vorpal glaive (weapon)
Missiles
 d - 3 throwing nets (quivered)
 g - 199 stones
 w - 3 boomerangs
Armour
 b - a +0 barding
 c - a +0 helmet (worn)
 n - a +0 ring mail (worn)
 u - a +0 pair of gloves (worn)
 B - a +1 chain mail of poison resistance
Magical Staves
 G - a staff of death
Jewellery
 e - an amulet of regeneration (around neck)
 v - a ring of flight
Wands
 j - a wand of flame (20)
Scrolls
 f - 2 scrolls of fear {unknown}
 i - a scroll of magic mapping {unknown}
 p - 3 scrolls of enchant armour {unknown}
 t - 4 scrolls of teleportation
 y - a scroll of identify
 E - a scroll of silence {unknown}
 F - 2 scrolls of blinking
 H - a scroll of amnesia {unknown}
Potions
 h - a potion of resistance
 k - 3 potions of curing {unknown}
 l - 2 potions of brilliance {unknown}
 o - a potion of heal wounds
 q - 3 potions of invisibility {unknown}
 r - a potion of lignification {unknown}
 x - a potion of attraction {unknown}
 z - a potion of haste
 C - 2 potions of flight {unknown}
 I - a potion of mutation {unknown}


   Skills:
 + Level 6.9 Fighting
 + Level 9.8 Polearms
 + Level 6.3 Throwing
 + Level 8.9 Dodging


You had 8 spell levels left.
You didn't know any spells.
Your spell library contained the following spells:

 Spells                   Type           Power      Damage    Failure   Level
 Gell's Gravitas          Tloc           0%         N/A       94%         3
 Lesser Beckoning         Tloc           0%         N/A       94%         3
 Teleport Other           Tloc           0%         N/A       94%         3


Dungeon Overview and Level Annotations

Branches:
Dungeon (7/15)             Temple (0/1) D:7

Altars:
Makhleb
Qazlal


Innate Abilities, Weirdness & Mutations

((You are very nimble when in or above water. (Stealth+, EV+, Speed+++)))
Your lower body shifts to a powerful aquatic tail in water.


Message History

An acid dragon comes into view.
The acid dragon roars!
Found a staircase to the Ecumenical Temple.
Press: ? - help, v - describe, . - travel
Here: an acid dragon The floor.
Throw: 3 boomerangs
Press: ? - help, Shift-Dir - straight line, f - acid dragon
Aim: an acid dragon (65% to hit)
You throw a boomerang.
The boomerang barely misses the acid dragon.
Reach: D) +2 glaive (vorpal)
Press: ? - help, Dir - move target, f/p - acid dragon
Aim: an acid dragon (about 37% to evade your +2 vorpal glaive)
You reach to attack!
You slash the acid dragon!
The acid dragon is moderately wounded.
You slash the acid dragon!
The acid dragon is severely wounded.
The acid dragon spits acid at you. The splash of acid hits you!!
The acid corrodes you!
You hit the acid dragon but do no damage.
The acid dragon is severely wounded.
The acid dragon bites you. The acid dragon claws you.
You closely miss the acid dragon.
The acid dragon is severely wounded.
The acid dragon closely misses you. The acid dragon completely misses you.
You barely miss the acid dragon.
The acid dragon is severely wounded.
The acid dragon bites you! The acid dragon claws you.
The acid dragon spits acid at you. The splash of acid hits you!
The acid corrodes you!
You barely miss the acid dragon.
The acid dragon is severely wounded.
The acid dragon bites you!
* * * LOW HITPOINT WARNING * * *
The acid dragon claws you.
* * * LOW HITPOINT WARNING * * *
The acid dragon spits acid at you. The splash of acid hits you!!
You die...

.#### #.#.....# .#
#######......## .#
#......###.### .#
####.####.# #.#
.###......##.###.#
.##...#.#........#
....#.#.####.##.[#
###...#.. ..###.#
######## #####@###
##....# #§.D..#
##§≈..## #§§≈..##
#§§..§§# ##§..≈≈#
##..≈## ##.##


You could see an acid dragon (catching breath).

Vanquished Creatures
  Menkaure (D:5)
  Edmund (D:4)
  A water moccasin (D:6)
  An orc warrior (D:6)
  An ice beast (D:7)
  2 black bears
  A necrophage (D:5)
  An ogre (D:4)
  A centaur (D:7)
  2 phantoms
  Blork the orc (D:4)
  2 bullfrogs
  6 scorpions
  A centaur zombie (D:5)
  4 hounds
  A bullfrog skeleton (D:5)
  A centaur skeleton (D:5)
  2 orc priests (D:3)
  Jessica (D:2)
  3 iguanas
  2 orc wizards (D:3)
  A hound zombie (D:5)
  Robin (D:2)
  3 adders
  A shadow imp (D:7)
  2 worms (D:2)
  5 orcs
  7 ball pythons
  3 endoplasms
  6 giant cockroaches
  11 goblins
  15 hobgoblins
  9 jackals
  2 quokkas (D:2)
  6 bats (D:2)
  2 frilled lizards
  6 kobolds
  6 rats
122 creatures vanquished.

Notes
Turn   | Place    | Note
-------+----------+-------------------------------------------
     0 | D:1      | m4nu the Merfolk Gladiator began the quest for the Orb.
     0 | D:1      | Reached XP level 1. HP: 16/16 MP: 1/1
   156 | D:1      | Reached XP level 2. HP: 19/23 MP: 2/2
   674 | D:1      | Reached XP level 3. HP: 25/28 MP: 3/3
  1216 | D:2      | Reached skill level 5 in Polearms
  1349 | D:2      | Reached XP level 4. HP: 27/34 MP: 4/4
  1454 | D:2      | Noticed Robin
  1465 | D:2      | Killed Robin
  1466 | D:2      | Reached skill level 5 in Dodging
  1603 | D:2      | Noticed Jessica
  1618 | D:2      | Killed Jessica
  1619 | D:2      | Reached XP level 5. HP: 41/41 MP: 5/5
  1981 | D:3      | Found a faded altar of an unknown god.
  2058 | D:3      | You fall into a shaft and drop 2 floors!
  2058 | D:5      | Entered Level 5 of the Dungeon
  2058 | D:5      | Noticed Menkaure
  2063 | D:4      | Noticed an ogre
  2084 | D:4      | Killed an ogre
  2085 | D:4      | Reached skill level 6 in Polearms
  2085 | D:4      | Reached XP level 6. HP: 25/48 MP: 6/6
  2816 | D:4      | Noticed Blork the orc
  2935 | D:4      | Reached XP level 7. HP: 54/54 MP: 7/7
  2958 | D:4      | Noticed Edmund
  3125 | D:4      | Killed Edmund
  3126 | D:4      | Reached skill level 7 in Polearms
  3314 | D:4      | Killed Blork the orc
  3623 | D:5      | Reached skill level 5 in Fighting
  3658 | D:5      | Found a burning altar of Makhleb.
  3666 | D:5      | Reached XP level 8. HP: 62/62 MP: 8/8
  3714 | D:5      | Killed Menkaure
  3715 | D:5      | Reached skill level 8 in Polearms
  3715 | D:5      | Reached skill level 5 in Throwing
  4272 | D:6      | Reached skill level 9 in Polearms
  4280 | D:6      | Reached XP level 9. HP: 34/71 MP: 9/9
  4685 | D:7      | Found a stormy altar of Qazlal.
  4913 | D:7      | Found a staircase to the Ecumenical Temple.
  4928 | D:7      | Killed from afar by an acid dragon

Illustrated notes

Levels and vault maps discovered:
D:1:      minmay_arrival_doors, layout_loops_ring, minmay_misc_feat_tiny,
          minmay_stone_trees_small, chequers_big_river
D:2:      layout_basic, uniq_robin, uniq_jessica
D:3:      layout_rooms, ebering_ecumenical_altar_abandoned
D:4:      layout_basic, uniq_edmund, uniq_blork_the_orc
D:5:      layout_basic, lemuel_crystal_altar, chequers_serial_rivers_micro_c,
          uniq_menkaure
D:6:      layout_cave_pools
D:7:      layout_loops_cross, nicolae_qazlal_general_emergency,
          minmay_temple_entry_fiery, item_on_display_a, uniq_prince_ribbit1

Skill      XL: |  1  2  3  4  5  6  7  8  9 |
---------------+----------------------------+-----
Polearms       | 5 6 7 9 |  9.8
Fighting       | 3 4 5 6 |  6.9
Dodging        | 5 6 7 8 |  8.9
Throwing       | 3 4 5 6 |  6.3

Action                   |  1- 3 |  4- 6 |  7- 9 || total
-------------------------+-------+-------+-------++-------
Melee: Trident           |    90 |   183 |    60 ||   333
       Punch             |     1 |     3 |     1 ||     5
       Glaive            |       |       |   115 ||   115
Throw: Stone             |     2 |     2 |       ||     4
       Boomerang         |       |       |    19 ||    19
Evoke: Wand              |       |     4 |     4 ||     8
  Use: Potion            |       |     2 |       ||     2
       Scroll            |       |     1 |     1 ||     2
 Stab: Sleeping          |     1 |       |       ||     1
Armor: Leather armour    |    16 |    16 |       ||    32
       Ring mail         |       |    20 |    40 ||    60
Dodge: Dodged            |    55 |   106 |   107 ||   268
